 Dungeon Crawl Stone Soup version 0.29.1-12-g30fa7ad0bf (webtiles) character file.

Game seed: 7297460590708996317

17 mopl the Stinger (level 2, 0/19 HPs)
             Began as a Formicid Venom Mage on Jan 16, 2023.
             Slain by a frilled lizard (3 damage)
             ... on level 1 of the Dungeon.
             The game lasted 00:00:48 (475 turns).

mopl the Stinger (Formicid Venom Mage)               Turns: 475, Time: 00:00:48

Health: 0/19       AC:  2    Str: 12    XL:     2   Next: 80%
Magic:  1/5        EV: 12    Int: 14    God:
Gold:   12         SH:  0    Dex: 14    Spells: 3/6 levels left

rFire   . . .      SeeInvis +   d - +0 spear
rCold   . . .      Faith    .   (no shield)
rNeg    . . .      Spirit   .   a - +0 robe
rPois   .          Reflect  .   (helmet unavailable)
rElec   .          Harm     .   (no cloak)
rCorr   .          Rampage  .   (no gloves)
Will    .....                   (no boots)
Stlth   ++........              (no amulet)
HPRegen 0.06/turn               (no ring)
MPRegen 0.09/turn               (no ring)

@: no status effects
A: permanent stasis, dig shafts and tunnels, antennae 3, four strong arms
a: Dig, Shaft Self


You were on level 1 of the Dungeon.
You visited 1 branch of the dungeon, and saw 1 of its levels.

You collected 12 gold pieces.

Inventory:

Hand Weapons
 d - a +0 spear (weapon)
Armour
 a - a +0 robe (worn)
Scrolls
 e - a scroll of teleportation {unknown}
Potions
 b - a potion of magic
 c - a potion of invisibility {unknown}


   Skills:
 - Level 1.7 Dodging
 - Level 2.4 Stealth
 + Level 2.7 Spellcasting
 - Level 1.1 Transmutations
 + Level 0.3 Air Magic
 + Level 4.5 Poison Magic


You had 3 spell levels left.
You knew the following spells:

 Your Spells              Type           Power      Damage    Failure   Level
a - Sting                 Tmut/Pois      36%        1d4       7%          1
b - Poisonous Vapours     Pois/Air       16%        N/A       12%         2

Your spell library contained the following spells:

 Spells                   Type           Power      Damage    Failure   Level
 Mephitic Cloud           Conj/Pois/Air  6%         N/A       34%         3
 Olgreb's Toxic Radiance  Pois           14%        N/A       34%         4


Dungeon Overview and Level Annotations

Branches:
Dungeon (1/15)

Altars:


Innate Abilities, Weirdness & Mutations

You cannot be hasted, slowed, berserked, paralysed or teleported.
You can dig through walls and to a lower floor.
You have a pair of large antennae on your head. (SInv)
Your four strong arms can wield two-handed weapons with a shield.


Message History

The ball python is moderately wounded.
The sting hits the ball python.
The ball python looks even sicker.
You kill the ball python!
You can't see any susceptible monsters within range! (Use Z to cast anyway.)
A kobold comes into view. It is wielding a +0 dagger.
The kobold moves out of view.
You see here a hobgoblin corpse.
A ball python comes into view.
The ball python hisses angrily.
The kobold shouts!
You hear an angry hiss.
A frilled lizard comes into view.
The sting misses the kobold.
You are out of magic!
You barely miss the kobold. The kobold hits you with a +0 dagger.
You closely miss the kobold. The kobold closely misses you.
You closely miss the kobold. The kobold completely misses you.
The ball python bites you. The ball python grabs you.
The ball python constricts you.
You hit the ball python.
The ball python is moderately wounded.
The frilled lizard bites you. The kobold barely misses you.
The ball python barely misses you. The ball python constricts you.
You hit the ball python.
The ball python is heavily wounded.
The kobold closely misses you. The frilled lizard barely misses you.
The ball python bites you. The ball python constricts you.
Unknown command.
You closely miss the ball python.
The ball python is heavily wounded.
The ball python barely misses you. The ball python constricts you.
The frilled lizard bites you but does no damage.
The kobold barely misses you. The ball python bites you.
The ball python constricts you. The kobold hits you with a +0 dagger.
* * * LOW HITPOINT WARNING * * *
The frilled lizard bites you.
* * * LOW HITPOINT WARNING * * *
You hit the ball python.
You kill the ball python!
The frilled lizard bites you.
You die...

.....#...#..... ......
...#..#.#......
.....####.....#..#.###
...............##.#
#.................#
#........!.... ...
#............. ..#
#..lK.........
....♣~~#.~.@†........ {
....)~~#.≈.......##
....♣~.#~~~##....######
..~.~.~♣.~~.†.........#
..~~.#.~≈.≈...........#
.~[.~~~♣~.~...........######
.~..≈~.~.~♣#..........'.....
.~~~..~~~#~#..........######
#~~..#≈~##♣#..........#.....


You could see a kobold and a frilled lizard.

Vanquished Creatures
  A dart slug (D:1)
  2 ball pythons (D:1)
  An endoplasm (D:1)
  2 giant cockroaches (D:1)
  A hobgoblin (D:1)
  A quokka (D:1)
  A bat (D:1)
  2 frilled lizards (D:1)
  6 rats (D:1)
17 creatures vanquished.

Notes
Turn   | Place    | Note
-------+----------+-------------------------------------------
     0 | D:1      | mopl the Formicid Venom Mage began the quest for the Orb.
     0 | D:1      | Reached XP level 1. HP: 13/13 MP: 3/3
   183 | D:1      | Reached XP level 2. HP: 15/19 MP: 0/5
   186 | D:1      | Learned a level 2 spell: Poisonous Vapours
   475 | D:1      | Slain by a frilled lizard

Illustrated notes

Levels and vault maps discovered:
D:1:      scummos_arrival_star, layout_basic,
          hellmonk_ecumenical_altar_arch_garden, chequers_serial_rivers_marsh

Action                   || total
-------------------------++-------
Melee: Spear             ||    30
 Cast: Sting             ||    18
 Stab: Sleeping          ||     4
Armor: Robe              ||     4
Dodge: Dodged            ||    19
